[Event "Titled Tuesday Blitz November 01 Early 2022"]
[White "Schut, Han"]
[Black "Guz, Ari"]
[WhiteFideId "1005561"]
[BlackFideId "2825759"]
[WhiteElo "2024"]
[BlackElo "2205"]
[Result "0-1"]
[Round "11"]
[TimeControl "180+1"]
[Date "2022.11.02"]
[WhiteClock "0:00:08"]
[BlackClock "0:01:04"]

1. e4 d5 2. exd5 c6 3. dxc6 Nxc6 4. Nf3 e5 5. d3 f5 6. Be2 Nf6 7. O-O Bc5 8. Nc3 O-O 9. Na4 Bd6 10. Be3 Qc7 11. Bc5 Bxc5 12. Nxc5 b6 13. Nb3 Bb7 14. d4 e4 15. Ng5 Qe7 16. Bc4+ Kh8 17. Ne6 Rfe8 18. Nf4 Rad8 19. c3 Qd6 20. g3 e3 21. Bd3 exf2+ 22. Rxf2 Ne7 23. Bf1 Ng6 24. Nxg6+ hxg6 25. Bg2 Ng4 26. Re2 Bxg2 27. Rxg2 Ne3 28. Qd2 Nxg2 29. Qxg2 Re3 30. Rf1 Rde8 31. Qh3+ Kg8 32. Qh4 Re2 33. Nc1 Rxb2 34. Nd3 Rd2 35. Ne5 Rxe5 36. dxe5 Qc5+ 37. Kh1 Qd5+ 0-1


[Site "https://www.chess.com"]

[Event "Titled Tuesday Blitz November 01 Early 2022"]
[White "Shapiro, Daniel"]
[Black "Ismayil, Malak"]
[WhiteFideId "2001780"]
[BlackFideId "13412604"]
[WhiteElo "2266"]
[BlackElo "1879"]
[Result "1-0"]
[Round "11"]
[TimeControl "180+1"]
[Date "2022.11.02"]
[WhiteClock "0:01:39"]
[BlackClock "0:01:30"]

1. d4 Nf6 2. c4 g6 3. Nc3 Bg7 4. e4 O-O 5. Be2 d6 6. Nf3 Nc6 7. O-O e5 8. d5 Nb8 9. a4 a5 10. b3 Na6 11. Ba3 Bg4 12. Ne1 Bc8 13. Nd3 Nd7 14. b4 axb4 15. Nxb4 Nxb4 16. Bxb4 b6 17. a5 bxa5 18. Bxa5 f5 19. Nb5 Rxa5 20. Rxa5 Nc5 21. Ra7 Rf7 22. Ra8 Rf8 23. exf5 gxf5 24. Qa1 Qe7 25. Qa7 Bb7 26. Rb8 Bc8 27. Qxc7 Qxc7 28. Nxc7 Bf6 29. Ra1 e4 30. Raa8 1-0


[Site "https://www.chess.com"]

[Event "Titled Tuesday Blitz November 01 Early 2022"]
[White "Shipov, Sergei"]
[Black "Postnikov, Daniil"]
[WhiteFideId "4113624"]
[BlackFideId "4166329"]
[WhiteElo "2767"]
[BlackElo "2261"]
[Result "0-1"]
[Round "11"]
[TimeControl "180+1"]
[Date "2022.11.01"]
[WhiteClock "0:02:34"]
[BlackClock "0:02:09"]

1. d4 Nf6 2. c4 g6 3. Nc3 Bg7 4. e4 d6 5. Be2 O-O 6. g4 c5 7. g5 Nfd7 8. d5 e6 9. h4 exd5 10. exd5 a6 11. a4 Qe7 12. Kf1 f6 13. Nf3 Ne5 14. Nxe5 Qxe5 15. Be3 fxg5 16. hxg5 Qxe3 0-1


[Site "https://www.chess.com"]

[Event "Titled Tuesday Blitz November 01 Early 2022"]
[White "Shubenkova, Veronika"]
[Black "Dushyant Sharma"]
[WhiteFideId "44124040"]
[BlackFideId "25065130"]
[WhiteElo "2027"]
[BlackElo "2270"]
[Result "0-1"]
[Round "11"]
[TimeControl "180+1"]
[Date "2022.11.02"]
[WhiteClock "0:00:51"]
[BlackClock "0:01:06"]

1. e4 d5 2. exd5 Nf6 3. Nf3 Bg4 4. Be2 Qxd5 5. Nc3 Qd7 6. O-O Nc6 7. d3 e6 8. Be3 O-O-O 9. h3 Bf5 10. a3 Bd6 11. b4 g5 12. Bxg5 Be7 13. Qb1 Rhg8 14. Kh1 Nd4 15. Bf4 Bxh3 16. gxh3 e5 17. Bg3 Qxh3+ 18. Nh2 Nxe2 19. Nxe2 Rxg3 20. fxg3 Ng4 21. Rf2 Nxf2+ 22. Kg1 Ng4 23. Nxg4 Qxg4 24. Qf1 f5 25. Qg2 Rg8 26. Rf1 f4 27. Qf3 Qh3 28. Qd5 Qg4 29. Qf3 Qg6 30. Kg2 h5 0-1


[Site "https://www.chess.com"]

[Event "Titled Tuesday Blitz November 01 Early 2022"]
[White "Shuvalov, Evgenij"]
[Black "Maximov, Dmitry"]
[WhiteFideId "4187237"]
[BlackFideId "14105659"]
[WhiteElo "2049"]
[BlackElo "2494"]
[Result "0-1"]
[Round "11"]
[TimeControl "180+1"]
[Date "2022.11.02"]
[WhiteClock "0:00:10"]
[BlackClock "0:00:21"]

1. d4 Nf6 2. c4 g6 3. Nc3 Bg7 4. e4 O-O 5. Nf3 d6 6. Be2 e5 7. O-O Nc6 8. d5 Ne7 9. Ne1 Nd7 10. Be3 f5 11. f3 f4 12. Bf2 g5 13. Rc1 Ng6 14. c5 Nf6 15. cxd6 cxd6 16. Nb5 Rf7 17. Nxa7 Bd7 18. a4 g4 19. Nb5 g3 20. hxg3 fxg3 21. Bxg3 Nh5 22. Bf2 Bf8 23. f4 Nhxf4 24. Bg4 Bxg4 25. Qxg4 Rxa4 26. Rc8 Qd7 27. Qxd7 Rxd7 28. Nc3 Rb4 29. Nf3 Rxb2 30. Ng5 Rc2 31. Re1 Nd3 32. Re2 Rc1+ 33. Kh2 Ngf4 34. Ra2 Rg7 35. Raa8 Rxg5 36. Rxf8+ Kg7 37. Rg8+ Kh6 38. Rxg5 Kxg5 39. Bh4+ Kxh4 40. g3+ Kh5 41. gxf4 Rxc3 42. f5 Rc2+ 43. Kg3 Rf2 44. Ra3 Rd2 45. Ra7 b5 46. Rxh7+ Kg5 47. Rg7+ Kf6 48. Rg6+ Ke7 49. Re6+ Kd7 50. f6 Rf2 51. Re7+ Kd8 52. Re6 b4 53. Rxd6+ Ke8 54. Re6+ Kf7 55. Rb6 Rxf6 56. Rb7+ Kg6 57. Kg4 Rf4+ 58. Kg3 Rxe4 59. d6 Rd4 60. d7 Kf5 61. Kf3 b3 62. Ke3 b2 63. Ke2 Ke6 64. Ke3 Rxd7 65. Rb3 Kf5 66. Kd2 Nc5+ 67. Kc2 Nxb3 68. Kxb2 Nd4 0-1


[Site "https://www.chess.com"]

[Event "Titled Tuesday Blitz November 01 Early 2022"]
[White "Smietanska, Wiktoria"]
[Black "Piesik, Piotr"]
[WhiteFideId "21869359"]
[BlackFideId "1136194"]
[WhiteElo "1854"]
[BlackElo "2323"]
[Result "0-1"]
[Round "11"]
[TimeControl "180+1"]
[Date "2022.11.02"]
[WhiteClock "0:01:37"]
[BlackClock "0:02:37"]

1. c4 g6 2. Nc3 Bg7 3. g3 Nc6 4. Bg2 d6 5. e4 e5 6. Nge2 Nge7 7. O-O O-O 8. d3 Be6 9. f4 f5 10. Be3 Qd7 11. Qd2 Rf7 12. Nd5 Raf8 13. Rf2 fxe4 14. Bxe4 Nf5 15. b4 Nxe3 16. Nxe3 exf4 17. Nxf4 Bxa1 18. Nxe6 Rxf2 19. Nxf8 Rxd2 20. Nxd7 Bd4 21. Bd5+ Kg7 0-1


[Site "https://www.chess.com"]

[Event "Titled Tuesday Blitz November 01 Early 2022"]
[White "Srebrnic, Marko"]
[Black "Yurovskykh, Oleksandr"]
[WhiteFideId "14603616"]
[BlackFideId "14134020"]
[WhiteElo "2340"]
[BlackElo "2303"]
[Result "0-1"]
[Round "11"]
[TimeControl "180+1"]
[Date "2022.11.02"]
[WhiteClock "0:00:05"]
[BlackClock "0:01:25"]

1. e4 d5 2. exd5 Qxd5 3. Nc3 Qd8 4. Bc4 c5 5. a3 Nc6 6. b4 cxb4 7. axb4 Nxb4 8. Ba3 Nc6 9. Nf3 Nf6 10. d4 e6 11. Bxf8 Kxf8 12. O-O g6 13. d5 exd5 14. Nxd5 Kg7 15. Qd2 Be6 16. Rfd1 Bxd5 17. Qc3 Ne7 18. Ra5 Rc8 19. Ne5 Bxc4 20. Nxc4 Qxd1+ 0-1


[Site "https://www.chess.com"]

[Event "Titled Tuesday Blitz November 01 Early 2022"]
[White "Tarasova, Viktoriya"]
[Black "Fathy, Elameir"]
[WhiteFideId "4175840"]
[BlackFideId "10600396"]
[WhiteElo "2182"]
[BlackElo "2311"]
[Result "0-1"]
[Round "11"]
[TimeControl "180+1"]
[Date "2022.11.02"]
[WhiteClock "0:00:02"]
[BlackClock "0:00:03"]

1. d4 d5 2. c4 e6 3. Nc3 c6 4. e3 f5 5. Nf3 Nf6 6. Bd3 Bd6 7. O-O O-O 8. b3 Nbd7 9. Bb2 Qe7 10. Ne2 b6 11. Ne5 Bb7 12. Rc1 Rac8 13. cxd5 Nxd5 14. Nc4 Bb8 15. Qd2 c5 16. f4 cxd4 17. exd4 Qh4 18. Ba3 Rf6 19. Qe1 Qxe1 20. Rcxe1 Rg6 21. g3 b5 22. Na5 b4 23. Bc1 Ba8 24. Nc4 h5 25. Kf2 h4 26. Rg1 hxg3+ 27. Rxg3 Rh6 28. h3 N5f6 29. Reg1 Nh5 30. Rg5 Bc7 31. Bd2 Bd8 32. Rg6 Bh4+ 33. Kf1 Rxg6 34. Rxg6 Nf8 35. Rg1 Nf6 36. Bxb4 Be4 37. Bxe4 Nxe4 38. Kg2 Bf6 39. Rd1 Ng6 40. Kf3 Nh4+ 41. Ke3 Ng2+ 42. Kf3 Nh4+ 43. Ke3 Kf7 44. Rg1 Rh8 45. a4 Ng6 46. Rh1 Rd8 47. Rg1 Ne7 48. Bxe7 Kxe7 49. Rc1 Rh8 50. Rh1 Rb8 51. Nc1 Kf7 52. Rd1 Rh8 53. Rh1 g5 54. Ne2 g4 55. h4 Rxh4 0-1


[Site "https://www.chess.com"]

[Event "Titled Tuesday Blitz November 01 Early 2022"]
[White "Tomaszewski, Kacper"]
[Black "De Souza, Cristiano Gomes"]
[WhiteFideId "1127373"]
[BlackFideId "2151758"]
[WhiteElo "2211"]
[BlackElo "2068"]
[Result "1-0"]
[Round "11"]
[TimeControl "180+1"]
[Date "2022.11.02"]
[WhiteClock "0:02:17"]
[BlackClock "0:01:54"]

1. e4 c5 2. Nf3 d6 3. Bb5+ Bd7 4. c4 Bxb5 5. cxb5 g6 6. O-O Bg7 7. d4 cxd4 8. Nxd4 Nf6 9. Nc3 O-O 10. Be3 Nbd7 11. Qe2 Nc5 12. f3 a6 13. Rfd1 axb5 14. Ndxb5 Qc8 15. Rac1 b6 16. b4 Na4 17. Nxa4 Qa6 18. Nxb6 Qxb5 19. Qxb5 1-0


[Site "https://www.chess.com"]

[Event "Titled Tuesday Blitz November 01 Early 2022"]
[White "Toshali, V"]
[Black "Mitrovic, Darko R"]
[WhiteFideId "5072611"]
[BlackFideId "927023"]
[WhiteElo "1973"]
[BlackElo "2150"]
[Result "0-1"]
[Round "11"]
[TimeControl "180+1"]
[Date "2022.11.02"]
[WhiteClock "0:01:12"]
[BlackClock "0:00:09"]

1. d4 Nf6 2. Nf3 b6 3. Bg5 h6 4. Bf4 e6 5. Nbd2 Bb7 6. e3 d5 7. Bd3 Bd6 8. Ne5 Nbd7 9. c3 Ne4 10. Bxe4 dxe4 11. Qh5 Qe7 12. g4 g6 13. Qh3 O-O-O 14. Rg1 h5 15. Nxd7 Qxd7 16. Bxd6 cxd6 17. gxh5 Rxh5 18. Qg3 Rdh8 19. Nf1 Ba6 20. Nd2 Bd3 21. Rh1 d5 22. f3 Qc7 23. Qxc7+ Kxc7 24. fxe4 dxe4 25. Nf1 f5 26. Rg1 R8h6 27. O-O-O Bxf1 28. Rdxf1 Rxh2 29. Rd1 Kd6 30. d5 e5 31. c4 a5 32. Rg5 R2h5 33. Rg2 g5 34. Rf1 g4 35. Rgf2 Rf6 36. Rg1 Rg5 37. Kc2 f4 38. exf4 exf4 39. Rfg2 g3 40. Kd2 f3 41. Rxg3 Rxg3 42. Rxg3 f2 0-1


[Site "https://www.chess.com"]

[Event "Titled Tuesday Blitz November 01 Early 2022"]
[White "Troltenier, Dirk"]
[Black "Buscar, Michael"]
[WhiteFideId "4606400"]
[BlackFideId "2603616"]
[WhiteElo "2340"]
[BlackElo "2010"]
[Result "0-1"]
[Round "11"]
[TimeControl "180+1"]
[Date "2022.11.02"]
[WhiteClock "0:00:11"]
[BlackClock "0:01:03"]

1. e4 c5 2. c3 Nf6 3. e5 Nd5 4. d4 cxd4 5. Nf3 Nc6 6. Bc4 Nb6 7. Bb3 d5 8. exd6 e6 9. O-O Qxd6 10. cxd4 Be7 11. Nc3 O-O 12. Be3 Bf6 13. Ne4 Qe7 14. Nxf6+ Qxf6 15. Bg5 Qg6 16. Bc2 Qh5 17. Be3 Nd5 18. Rc1 Nce7 19. Ne5 Qxd1 20. Rfxd1 f6 21. Nf3 Bd7 22. Nd2 Rac8 23. Ne4 Nf5 24. Nc5 Nfxe3 25. fxe3 Nxe3 26. Nxd7 Nxd1 27. Nxf8 Kxf8 28. Rxd1 Rxc2 29. d5 exd5 30. Rxd5 Rxb2 31. Rd7 a5 32. a4 b6 33. Rb7 h6 34. h3 Kg8 35. Kh2 Kh7 36. Kg3 Kg6 37. Kf3 h5 38. g3 Rb3+ 39. Kf2 Rb4 40. Kf3 h4 41. Kf2 Rb2+ 42. Kf3 Rb3+ 43. Kf2 hxg3+ 44. Kg2 f5 45. h4 f4 46. h5+ Kh6 47. Kh3 g6 48. Rf7 Kxh5 49. Rb7 Kg5 50. Rd7 Rb1 51. Rd5+ Kf6 52. Kg2 g5 53. Kf3 Rf1+ 54. Kg2 Rf2+ 55. Kg1 Re2 56. Rb5 Re6 57. Kg2 g4 58. Kf1 f3 59. Rb1 Kg5 60. Rb5+ Kh4 61. Rb1 g2+ 62. Kf2 Re2+ 63. Kg1 Kg3 64. Rd1 f2# 0-1


[Site "https://www.chess.com"]

[Event "Titled Tuesday Blitz November 01 Early 2022"]
[White "Tworuszka, Michal"]
[Black "Winkels, Marcel"]
[WhiteFideId "1117858"]
[BlackFideId "1003887"]
[WhiteElo "2350"]
[BlackElo "1900"]
[Result "0-1"]
[Round "11"]
[TimeControl "180+1"]
[Date "2022.11.02"]
[WhiteClock "0:00:01"]
[BlackClock "0:01:28"]

1. d4 Nf6 2. c4 g6 3. g3 Bg7 4. Bg2 c6 5. Nc3 d5 6. cxd5 cxd5 7. Bg5 e6 8. e3 h6 9. Bxf6 Bxf6 10. Nf3 O-O 11. O-O Nc6 12. a3 b6 13. Rc1 Bb7 14. Qd2 Na5 15. Qc2 Rc8 16. Rfd1 Nc4 17. Nd2 Qd7 18. Nxc4 Rxc4 19. Bf1 Rc7 20. Qd2 Bc6 21. b4 Rfc8 22. Ba6 Bb7 23. Bxb7 Rxb7 24. Nb1 Rbc7 25. Nc3 Be7 26. Rc2 a5 27. bxa5 bxa5 28. Ra1 Rc4 29. Kf1 Qc7 30. Rac1 Bxa3 31. Nb5 Rxc2 32. Nxc7 Rxd2 0-1


[Site "https://www.chess.com"]

[Event "Titled Tuesday Blitz November 01 Early 2022"]
[White "Vargas, Mauricio"]
[Black "Arbunic Castro, Giovanna"]
[WhiteFideId "4404572"]
[BlackFideId "3400549"]
[WhiteElo "2025"]
[BlackElo "1814"]
[Result "0-1"]
[Round "11"]
[TimeControl "180+1"]
[Date "2022.11.02"]
[WhiteClock "0:01:10"]
[BlackClock "0:00:08"]

1. e4 g6 2. Nc3 Bg7 3. f4 c5 4. Nf3 Nc6 5. Bb5 e6 6. Bxc6 bxc6 7. d3 Ne7 8. O-O Rb8 9. Qe1 f5 10. e5 O-O 11. b3 Nd5 12. Na4 d6 13. c4 Nb4 14. Qd2 dxe5 15. Nxe5 Bxe5 16. fxe5 Qxd3 17. Qxd3 Nxd3 18. Rd1 Nxe5 19. Ba3 Nd7 20. Nxc5 Nxc5 21. Bxc5 Re8 22. Bd6 Rb7 23. Bc5 e5 24. Rd6 Bd7 25. Rad1 Re7 26. Rxc6 Bxc6 27. Bxe7 Rxe7 28. Rd8+ Kg7 29. Rd6 Ba8 30. Rd8 Kf7 31. Rxa8 Rd7 32. Rc8 e4 33. c5 e3 34. Kf1 f4 35. a4 g5 36. Ke2 g4 37. Rh8 Rd2+ 38. Ke1 Kg7 39. Re8 Rxg2 40. Re7+ Kf6 41. Rxh7 f3 42. Rh6+ Kg5 43. Rh8 Rg1# 0-1


[Site "https://www.chess.com"]

[Event "Titled Tuesday Blitz November 01 Early 2022"]
[White "Vifleemskaia, Svetlana"]
[Black "parintele_chess"]
[WhiteFideId "4129490"]
[WhiteElo "1929"]
[BlackElo "2225"]
[Result "1-0"]
[Round "11"]
[TimeControl "180+1"]
[Date "2022.11.02"]
[WhiteClock "0:01:04"]
[BlackClock "0:00:37"]

1. d4 d5 2. c4 e6 3. Nc3 a6 4. cxd5 exd5 5. Bf4 Nf6 6. e3 h6 7. Bd3 Bd6 8. Bg3 Bg4 9. Qc2 O-O 10. Nge2 c5 11. dxc5 Bxc5 12. O-O Nc6 13. a3 Ba7 14. Rad1 Qa5 15. h3 Be6 16. Nf4 Rfd8 17. Nxe6 fxe6 18. Ra1 e5 19. b4 Qc7 20. Bf5 Qe7 21. Qb3 Kh8 22. Rad1 d4 23. Ne4 dxe3 24. fxe3 Nxe4 25. Bxe4 Qg5 26. Bf2 Rf8 27. Kh1 Rad8 28. Bg1 Rxf1 29. Rxf1 Rd2 30. Rf8# 1-0


[Site "https://www.chess.com"]

[Event "Titled Tuesday Blitz November 01 Early 2022"]
[White "Villamayor, Buenaventura"]
[Black "Terzi, Alexei"]
[WhiteFideId "5200393"]
[BlackFideId "13505076"]
[WhiteElo "2301"]
[BlackElo "2172"]
[Result "1/2-1/2"]
[Round "11"]
[TimeControl "180+1"]
[Date "2022.11.02"]
[WhiteClock "0:01:22"]
[BlackClock "0:00:20"]

1. e4 c5 2. c3 Nf6 3. e5 Nd5 4. d4 cxd4 5. Nf3 Nc6 6. cxd4 d6 7. Bc4 Nb6 8. Bb5 dxe5 9. Nxe5 Bd7 10. Nxd7 Qxd7 11. Nc3 a6 12. Bxc6 Qxc6 13. O-O e6 14. Qg4 Nd5 15. Bd2 Nf6 16. Qe2 Be7 17. Rac1 Qd7 18. Rfd1 O-O 19. Bf4 Rac8 20. h3 Rfd8 21. Be5 b5 22. Ne4 Nxe4 23. Qxe4 Qd5 24. Qxd5 exd5 25. Kf1 f6 26. Bf4 Kf7 27. Rxc8 Rxc8 28. Rc1 Rc4 29. Be3 Ke6 30. Ke2 Bd8 31. Kd3 Bb6 32. Re1 Kd7 33. b3 Rc6 34. Bd2 h5 35. Bb4 Re6 36. Rxe6 Kxe6 37. Bc5 Bc7 38. Bf8 g5 39. g4 hxg4 40. hxg4 f5 41. f3 fxg4 42. fxg4 Bf4 43. Bg7 Kf7 44. Bh8 Bd6 45. a4 bxa4 46. bxa4 Bc7 47. Kc3 Bd6 48. Kd3 Ke6 49. Bg7 Kf7 50. Bh8 1/2-1/2


[Site "https://www.chess.com"]

[Event "Titled Tuesday Blitz November 01 Early 2022"]
[White "Vlassov, Nikolai"]
[Black "Clawitter, Craig"]
[WhiteFideId "4103360"]
[BlackFideId "2023105"]
[WhiteElo "2324"]
[BlackElo "2326"]
[Result "1-0"]
[Round "11"]
[TimeControl "180+1"]
[Date "2022.11.02"]
[WhiteClock "0:01:29"]
[BlackClock "0:00:03"]

1. e4 e6 2. c4 d5 3. cxd5 exd5 4. Qb3 Nf6 5. e5 Ne4 6. d4 c5 7. Bb5+ Nc6 8. Ne2 Be6 9. h4 cxd4 10. Nxd4 Rc8 11. Nc3 Nc5 12. Qd1 Be7 13. h5 h6 14. O-O O-O 15. Bxc6 bxc6 16. f4 Ne4 17. f5 Nxc3 18. bxc3 Bd7 19. f6 gxf6 20. Bxh6 fxe5 21. Nf5 Bxf5 22. Rxf5 Kh7 23. Bxf8 Qxf8 24. Rxe5 Bc5+ 25. Kh1 Re8 26. Qd3+ Kh8 27. Rae1 Rxe5 28. Rxe5 Qd6 29. Qf5 f6 30. Re8+ Kg7 31. Qg6# 1-0


[Site "https://www.chess.com"]

[Event "Titled Tuesday Blitz November 01 Early 2022"]
[White "Vovk, Orest"]
[Black "Ovchinnikov, Vsevolod"]
[WhiteFideId "14113490"]
[BlackFideId "24176842"]
[WhiteElo "2215"]
[BlackElo "2376"]
[Result "1-0"]
[Round "11"]
[TimeControl "180+1"]
[Date "2022.11.02"]
[WhiteClock "0:00:04"]
[BlackClock "0:00:05"]

1. h4 e5 2. h5 d5 3. h6 Nxh6 4. d4 Nc6 5. dxe5 Ng4 6. Nf3 Bc5 7. e3 Ngxe5 8. Nc3 Be6 9. Nd4 Qf6 10. Nxe6 fxe6 11. Qh5+ g6 12. Qh4 Qxh4 13. Rxh4 O-O 14. Bd2 Be7 15. Rh3 g5 16. Be2 Rf7 17. f3 Raf8 18. O-O-O Rg7 19. Rh5 a6 20. Rdh1 Rff7 21. Nd1 Bb4 22. c3 Be7 23. Nf2 Rf6 24. Nd3 Nxd3+ 25. Bxd3 Rff7 26. Be1 Ne5 27. Bc2 Bd6 28. Rh6 Re7 29. b3 c6 30. Kd1 Bc5 31. Ke2 Nd7 32. Bg3 g4 33. f4 Bd6 34. Bh4 Re8 35. Bg5 Nf8 36. Bf6 Rf7 37. g3 e5 38. f5 Be7 39. Bxe5 Bg5 40. Bf4 Bxh6 41. Rxh6 Nd7 42. c4 dxc4 43. bxc4 Ne5 44. c5 Kg7 45. f6+ Rxf6 46. Rxh7+ Kg8 47. Rxb7 Nf3 48. Bb3+ Kf8 49. Bd6+ Rxd6 50. cxd6 Ne5 51. Rh7 c5 52. Rh8+ Kg7 53. Rxe8 Kf6 54. d7 1-0


[Site "https://www.chess.com"]

[Event "Titled Tuesday Blitz November 01 Early 2022"]
[White "Warchol, Kamil"]
[Black "Korelskiy, Egor"]
[WhiteFideId "21858241"]
[BlackFideId "34329064"]
[WhiteElo "2001"]
[BlackElo "2053"]
[Result "0-1"]
[Round "11"]
[TimeControl "180+1"]
[Date "2022.11.02"]
[WhiteClock "0:00:03"]
[BlackClock "0:00:18"]

1. e4 c5 2. Nf3 e6 3. d4 cxd4 4. Nxd4 a6 5. c4 Nf6 6. Nc3 Qc7 7. Bd3 Nc6 8. Nb3 Ne5 9. O-O Nxd3 10. Qxd3 d6 11. Bf4 Be7 12. Rac1 O-O 13. c5 e5 14. Bg5 Be6 15. Bxf6 gxf6 16. Nd5 Bxd5 17. Qxd5 dxc5 18. Nxc5 Rac8 19. Nb3 Qb6 20. Qd3 Kh8 21. Qf3 a5 22. Qe3 Qb5 23. Qd2 a4 24. Na1 Rcd8 25. Qc2 Kg7 26. b3 a3 27. Qc4 Qb6 28. Qc2 Rd4 29. Rfd1 Rfd8 30. Rxd4 Qxd4 31. Rd1 Qxd1+ 0-1


[Site "https://www.chess.com"]

[Event "Titled Tuesday Blitz November 01 Early 2022"]
[White "Weetik, Vjacheslav"]
[Black "Gireman, Ja"]
[WhiteFideId "4153472"]
[BlackFideId "5043794"]
[WhiteElo "2469"]
[BlackElo "2153"]
[Result "1-0"]
[Round "11"]
[TimeControl "180+1"]
[Date "2022.11.01"]
[WhiteClock "0:00:05"]
[BlackClock "0:00:22"]

1. d4 Nf6 2. c4 g6 3. Nc3 d5 4. cxd5 Nxd5 5. e4 Nxc3 6. bxc3 Bg7 7. Bg5 c5 8. Rc1 Qa5 9. Qd2 cxd4 10. cxd4 Qxd2+ 11. Kxd2 Bd7 12. Nf3 h6 13. Be3 O-O 14. Bd3 Rd8 15. h3 e6 16. Rc7 Bc6 17. Rb1 a5 18. Ke2 a4 19. Ne5 Bxe5 20. dxe5 Na6 21. Bxa6 Rxa6 22. f3 Ra5 23. Bxh6 Rxe5 24. h4 Rc5 25. Rb2 Bb5+ 26. Rxb5 Rxc7 27. Bg5 Rc2+ 28. Ke3 Rd7 29. Bf6 Rc8 30. Ra5 Rdc7 31. Rxa4 Rc2 32. g4 R2c5 33. Kf4 Kf8 34. Ra7 Rb5 35. a4 Rb3 36. h5 gxh5 37. gxh5 Rb1 38. h6 Kg8 39. Ra5 Kh7 40. Bg7 Rg1 41. Ra7 Rb1 42. Ke5 Rc3 43. f4 Kg6 44. Ra8 Rc5+ 45. Kd6 Rc4 46. Ke5 Rbb4 47. f5+ Kg5 48. Kd6 Rc7 49. Kxc7 Rxe4 50. h7 Rc4+ 51. Kb6 exf5 52. h8=Q f4 53. Ka7 Kg4 54. Be5 Rxa4+ 55. Kb8 Re4 56. Qg7+ Kf5 57. Ra3 Rxe5 58. Qxf7+ Ke4 59. Qxb7+ Rd5 60. Ra5 Ke5 61. Qxd5+ 1-0


[Site "https://www.chess.com"]

[Event "Titled Tuesday Blitz November 01 Early 2022"]
[White "Wessendorf, Thomas, Dr."]
[Black "Devaev, Alexander"]
[WhiteFideId "4604270"]
[BlackFideId "4169395"]
[WhiteElo "2280"]
[BlackElo "2225"]
[Result "0-1"]
[Round "11"]
[TimeControl "180+1"]
[Date "2022.11.02"]
[WhiteClock "0:00:01"]
[BlackClock "0:00:13"]

1. e4 c6 2. d3 d5 3. Nd2 e5 4. Ngf3 Nd7 5. d4 exd4 6. exd5 cxd5 7. Nb3 Ngf6 8. Nbxd4 Bd6 9. Bd3 O-O 10. O-O a6 11. Bg5 Qc7 12. c3 h6 13. Bh4 Ng4 14. Bg3 Nge5 15. Nf5 Nxf3+ 16. Qxf3 Bxg3 17. fxg3 Ne5 18. Qe3 Bxf5 19. Bxf5 Rfe8 20. Rae1 Rad8 21. Bb1 Qd7 22. Qd4 Nc6 23. Qd3 g6 24. h3 Qd6 25. Rd1 Ne5 26. Qd4 Nc4 27. Rf2 Qxg3 28. Rdf1 Ne5 29. Rf4 Re7 30. R1f2 Rd6 31. h4 Ng4 32. Rxg4 Re1+ 33. Rf1 Rxf1+ 34. Kxf1 Rf6+ 35. Kg1 Qe1+ 36. Kh2 Qxb1 37. Qxf6 Qd1 38. Rg3 Qe2 39. b4 Qe4 40. h5 g5 41. Qxh6 Qh4+ 42. Rh3 Qf4+ 43. Kh1 Qf1+ 44. Kh2 Qf4+ 45. Rg3 Qh4+ 46. Kg1 Qxg3 47. Qf6 Qe3+ 48. Kh1 Qe1+ 49. Kh2 Qh4+ 50. Kg1 Qxh5 51. Qd8+ Kg7 52. Qxd5 Qe2 53. g3 Qe3+ 54. Kg2 Qe2+ 55. Kh3 g4+ 56. Kh4 f6 57. Qd7+ Kh6 58. Qxg4 Qh2+ 59. Qh3 Qxa2 60. Kg4+ Kg7 61. Qh4 Qe6+ 62. Kf4 Qe5+ 63. Kf3 Qxc3+ 64. Kg4 Qc8+ 0-1


[Site "https://www.chess.com"]

[Event "Titled Tuesday Blitz November 01 Early 2022"]
[White "Yurasova, Daria"]
[Black "Arabidze, Meri"]
[WhiteFideId "34146919"]
[BlackFideId "13604040"]
[WhiteElo "2044"]
[BlackElo "2403"]
[Result "0-1"]
[Round "11"]
[TimeControl "180+1"]
[Date "2022.11.02"]
[WhiteClock "0:00:06"]
[BlackClock "0:00:10"]

1. d4 Nf6 2. Bg5 d5 3. Bxf6 exf6 4. e3 c6 5. g3 Bd6 6. Bg2 O-O 7. Ne2 Nd7 8. O-O f5 9. Nd2 Nf6 10. c4 dxc4 11. Nxc4 Bc7 12. Nc3 Be6 13. Nd2 g6 14. Qc2 Rc8 15. b4 Bd6 16. Rab1 h5 17. h4 Ng4 18. Nf3 Qe7 19. a3 Rfe8 20. Rfe1 Qc7 21. Na4 Bxg3 22. fxg3 Qxg3 23. Nc3 Bc4 24. Qd2 Rcd8 25. Rbc1 Re7 26. Nd1 Bd5 27. Rf1 Rde8 28. Rc3 f4 29. Qe1 Nxe3 30. Qxg3 fxg3 31. Nxe3 Rxe3 32. Rxe3 Rxe3 33. Ne5 Re2 34. Bxd5 cxd5 35. Rf3 Re4 36. Nxf7 Rxh4 37. Kg2 Rxd4 38. Kxg3 Rg4+ 39. Kh3 Kg7 40. Ne5 Re4 41. Nd3 g5 42. Kg2 Kg6 43. Nc5 Re2+ 44. Rf2 Rxf2+ 45. Kxf2 b6 46. Ne6 Kf5 47. Nc7 d4 48. Nb5 d3 49. Ke3 h4 50. Kxd3 h3 51. Nd4+ Kf4 52. Ne6+ Kg4 53. Ke3 h2 54. Nd4 h1=Q 55. Kd3 Qh3+ 56. Kc4 Qxa3 57. Nc6 Qc1+ 58. Kb5 a5 59. bxa5 Qxc6+ 60. Kxc6 bxa5 61. Kb5 Kf3 62. Kxa5 g4 63. Kb4 g3 64. Kc3 g2 0-1


[Site "https://www.chess.com"]

[Event "Titled Tuesday Blitz November 01 Early 2022"]
[White "Zaichenko, Daria"]
[Black "Kanyamarala, Tarun"]
[WhiteFideId "4197453"]
[BlackFideId "45004714"]
[WhiteElo "2039"]
[BlackElo "2307"]
[Result "1-0"]
[Round "11"]
[TimeControl "180+1"]
[Date "2022.11.02"]
[WhiteClock "0:00:04"]
[BlackClock "0:00:09"]

1. e4 c5 2. Nf3 e6 3. d4 cxd4 4. Nxd4 a6 5. c4 Nf6 6. Nc3 Qc7 7. Be3 b6 8. Bd3 Bb7 9. a3 Nc6 10. Nxc6 Bxc6 11. O-O Bc5 12. Qd2 h5 13. Bxc5 bxc5 14. f4 d6 15. Rae1 h4 16. h3 Nh5 17. Qe3 Ng3 18. Rf3 O-O 19. Kh2 Rae8 20. f5 exf5 21. Qg5 fxe4 22. Qxh4 exd3 23. Rxg3 g6 24. Rxe8 Rxe8 25. Nd5 Bxd5 26. cxd5 c4 27. Qd4 Rb8 28. Rg4 Rb5 29. Rh4 f6 30. Qxf6 Qg7 31. Qd8+ Qf8 32. Rh8+ Kxh8 33. Qxf8+ Kh7 34. Qf7+ Kh8 35. Qf8+ Kh7 36. Qxd6 d2 37. Qe7+ Kh8 38. Qe2 Rxd5 39. Qe8+ Kg7 40. Qe7+ Kh6 41. Qf8+ Kg5 42. h4+ Kxh4 43. Qf4+ Kh5 44. Qf3+ Kh6 45. Qxd5 d1=Q 46. Qxd1 c3 47. bxc3 1-0


[Site "https://www.chess.com"]

[Event "Titled Tuesday Blitz November 01 Early 2022"]
[White "Zemlyanskii, Ivan"]
[Black "Martinez Alcantara, Jose Eduardo"]
[WhiteFideId "24249971"]
[BlackFideId "3805662"]
[WhiteElo "2107"]
[BlackElo "2703"]
[Result "1-0"]
[Round "11"]
[TimeControl "180+1"]
[Date "2022.11.01"]
[WhiteClock "0:00:18"]
[BlackClock "0:02:34"]

1. d4 a5 2. e4 a4 3. c4 a3 4. Nxa3 g6 5. Nf3 Bg7 6. Bd3 d6 7. Nc2 Bg4 8. O-O Bxf3 9. Qxf3 Nc6 10. Be3 Nf6 11. Qe2 O-O 12. b4 Nd7 13. b5 Na5 14. f4 c5 15. bxc6 bxc6 16. Rab1 c5 17. d5 e6 18. dxe6 fxe6 19. f5 Qe8 20. fxe6 Qxe6 21. Na3 Nc6 22. Nb5 Nd4 23. Rxf8+ Rxf8 24. Bxd4 cxd4 25. c5 Ne5 26. Nxd4 Qf6 27. Bc4+ Kh8 28. Ne6 Re8 29. Nxg7 Kxg7 30. cxd6 Qxd6 31. Bd5 Qc5+ 32. Qf2 Qd6 33. Rb7+ Kh8 34. Qa7 Re6 35. Rxh7+ Kg8 36. Qg7# 1-0


[Site "https://www.chess.com"]